 Dungeon Sprint DCSS version 0.17.1-3-g152610e (webtiles) character file.

14 Kokonut the Cutter (level 2, -19/20 HPs)
             Began as a Kobold Berserker on Mar 20, 2016.
             Was a Believer of Trog.
             Killed from afar by a deep elf knight (28 damage)
             ... with a spray of energy
             ... in the Dungeon (Sprint V: "Ziggurat Sprint").
             The game lasted 00:06:39 (139 turns).

Kokonut the Cutter (Kobold Berserker)                Turns: 139, Time: 00:06:39

Health: -19/20     AC: 13    Str: 15    XL:     2   Next: 60%
Magic:  2/2        EV: 12    Int:  5    God:    Trog [**....]
Gold:   0          SH:  0    Dex: 15    Spells: 0 memorised, 1 level left

rFire  + + .     SeeInvis .     j - +5 quick blade
rCold  x . .     Clarity  .     M - +5 fire dragon armour
rNeg   . . .     SustAt   .     (shield restricted)
rPois  .         Gourm    .     (no helmet)
rElec  .         Spirit   .     (no cloak)
rCorr  .         Warding  .     (no gloves)
rMut   .         NoTele   +     (no boots)
MR     .....                    (no amulet)
Stlth  ..........               (no ring)
                                (no ring)

@: confused, liquid flames, glowing, not resistant to hostile enchantments,
extremely unstealthy
A: carnivore 3
a: Berserk, Trog's Hand, Burn Spellbooks, Renounce Religion


You were in the Dungeon.
You worshipped Trog.
Trog was pleased with you.
You were full.

You visited 1 branch

Inventory:

Hand Weapons
 a - a +0 short sword
 j - a +5 quick blade (weapon)
 r - the +15 heavy crossbow "Sniper" {velocity, SInv}
   (You found it in the Dungeon)

   Any bolt fired from it inflicts extra damage.
   It lets you see invisible.
 K - a +5 hand crossbow
Missiles
 J - 1000 bolts
Armour
 b - a +0 animal skin
 I - a +3 shield
 L - the +15 Maxwell's patent armour {-Cast -Tele rElec MR+ rCorr}
   (You found it in the Dungeon)

   It insulates you from electricity.
   It affects your resistance to hostile enchantments.
   It prevents spellcasting.
   It prevents most forms of teleportation.
   It protects you from acid and corrosion.
 M - a +5 fire dragon armour (worn)
 N - a +5 shadow dragon armour
Jewellery
 k - a +6 ring of dexterity
 l - a +6 ring of dexterity
 m - a +6 ring of intelligence
 n - a +6 ring of intelligence
 o - a +6 ring of strength
 p - a +6 ring of strength
 q - an uncursed ring of flight
Wands
 s - a wand of disintegration (7)
 t - a wand of fire (5)
 u - a wand of cold (5)
 v - a wand of draining (5)
Scrolls
 i - 4 scrolls of blinking
 y - 3 scrolls of recharging
 D - 7 scrolls of fog
 E - 2 scrolls of holy word
 F - 5 scrolls of identify
 G - 5 scrolls of remove curse
 H - 2 scrolls of fear
 O - a scroll of brand weapon
Potions
 d - 10 potions of curing
 e - 10 potions of heal wounds
 f - 6 potions of haste
 g - 7 potions of magic
 h - 3 potions of berserk rage
 w - 2 potions of brilliance
 x - 2 potions of invisibility
 z - 4 potions of resistance
 A - a potion of experience
 B - 5 potions of agility
 C - 5 potions of might
Comestibles
 c - 5 meat rations


   Skills:
 + Level 4.0 Fighting
 + Level 4.9 Short Blades
 + Level 2.4 Armour
 + Level 3.4 Dodging
 + Level 2.6 Stealth


You had one spell level left.
You didn't know any spells.

Dungeon Overview and Level Annotations

Branches:
Dungeon (1/1)

Altars:
Ashenzari
Cheibriados
Dithmenos
Elyvilon
Fedhas
Gozag
Kikubaaqudgha
Makhleb
Nemelex Xobeh
Okawaru
Qazlal
Ru
Sif Muna
Trog
Vehumet
Xom
Yredelemnul
Zin
The Shining One
Beogh
Jiyva
Lugonu


Innate Abilities, Weirdness & Mutations

You are small and have problems with some larger weapons.
You are carnivorous and can eat meat at any time.


Message History

The deep elf mage drops an uncursed long sword.
The deep elf mage picks up a +5 lightning rod (11/11).
The deep elf mage wields a +5 lightning rod (11/11).
Found four items.
The deep elf mage gestures at you while chanting.
The sticky flame hits you!
You are covered in liquid flames!
You are covered in liquid flames!
The deep elf knight points at you and mumbles some strange words.
The spray of energy hits you!
You are confused.
You're too confused!
You're too confused!
You're too confused!
You closely miss the deep elf knight.
You are covered in liquid flames!
The deep elf knight casts a spell at you.
The spray of energy hits you!
Ouch! That really hurt!
You die...

▓▓▓▓▓▓▓▓▓▓▓▓▓▓▓▓▓▓▓
▓.8©8.▓.8©8.▓.8©8.▓
▓.)=).▓.§[..▓.....▓
▓.e)..▓.....▓...).▓
▓..ee.▓.....▓.....▓
▓.e@..▓.....▓.....▓
▓.....▓.....▓.....▓
▓.....▓.....▓▓▓▓▓▓▓
▓▓▓▓▓▓▓▓▓▓▓▓▓


You could see 2 deep elf knights and 2 deep elf magi.

Vanquished Creatures
  An adder (D)
  2 bat zombies (D)
  2 ball pythons (D)
5 creatures vanquished.

Notes
Turn   | Place    | Note
--------------------------------------------------------------
     0 | D        | Kokonut the Kobold Berserker began the quest for the Orb.
     0 | D        | Reached XP level 1. HP: 14/14 MP: 1/1
     0 | D        | Found an iron altar of Okawaru.
     0 | D        | Found a radiant altar of Vehumet.
     0 | D        | Found a burning altar of Makhleb.
     0 | D        | Found a shimmering altar of Xom.
     0 | D        | Found a deep blue altar of Sif Muna.
     9 | D        | Found a corrupted altar of Lugonu.
     9 | D        | Found a white marble altar of Elyvilon.
     9 | D        | Found a roughly hewn altar of Beogh.
     9 | D        | Found a sparkling altar of Nemelex Xobeh.
     9 | D        | Found a viscous altar of Jiyva.
     9 | D        | Found a bloodstained altar of Trog.
    93 | D        | Entered arena 1.
    99 | D        | Reached skill level 1 in Stealth
   112 | D        | Entered arena 2.
   119 | D        | Reached XP level 2. HP: 18/20 MP: 2/2
   120 | D        | Reached ** piety under Trog
   136 | D        | Entered arena 3.
   136 | D        | Noticed a deep elf knight
   136 | D        | Noticed a deep elf mage
   136 | D        | Noticed a deep elf knight
   136 | D        | Noticed a deep elf mage
   139 | D        | Killed from afar by a deep elf knight

Action                   || total
-------------------------++-------
Melee: Quick blade       ||    13
       Short sword       ||     4
Invok: Burn Spellbooks   ||     1
  Eat: Chunk             ||     2
